 Dungeon Crawl Stone Soup version 0.26-a0-651-gb41185065b (webtiles) character file.

Game seed: 13931365796751667517

103006 gyozomisao the Sharpshooter (level 16, -3/96 HPs)
             Began as a Kobold Brigand on Sept 29, 2020.
             Was the Champion of Dithmenos.
             Slain by a wolf spider (18 damage)
             ... on level 2 of the Spider Nest on Sept 30, 2020.
             The game lasted 02:20:09 (37394 turns).

gyozomisao the Sharpshooter (Kobold Brigand)       Turns: 37394, Time: 02:20:10

Health: -3/96      AC: 15    Str: 13    XL:     16   Next: 87%
Magic:  21/21      EV: 19    Int: 15    God:    Dithmenos [******]
Gold:   2618       SH:  0    Dex: 24    Spells: 15/15 levels left

rFire    + . .     SeeInvis +   c - +9 long sword "Biastoi" {holy, rN+}
rCold    . . .     Faith    .   (shield restricted)
rNeg     + . .     Spirit   .   q - +3 ring mail {rF+}
rPois    +         Reflect  .   M - +3 crown of Dyrovepreva {rElec Int+2 SInv}
rElec    +         Harm     .   L - +0 cloak
rCorr    .         Rampage  .   j - +0 pair of gloves
MR       +....                  s - +0 pair of boots
Stlth    +++++++++.             I - amulet "Bilo" {*Drain rElec Regen+ Stlth+}
HPRegen  0.66/turn              V - +6 ring of dexterity
MPRegen  0.17/turn              r - ring of poison resistance

@: wreathed by umbra
A: small, nightstalker 3
a: Shadow Step, Shadow Form, Renounce Religion


You were on level 2 of the Spider Nest.
You worshipped Dithmenos.
Dithmenos was exalted by your worship.
You visited 5 branches of the dungeon, and saw 26 of its levels.
You also visited: Sewer and Ice Cave.

You collected 2893 gold pieces.
You spent 275 gold pieces at shops.

Inventory:

Hand Weapons
 a - the +8 dagger "Efolablaem" {freeze, Dex+4}
   (You found it on level 2 of the Orcish Mines)

   It has been specially enchanted to freeze those struck by it, causing extra
   injury to most foes and up to half again as much damage against particularly
   susceptible opponents.
   It can also slow down cold-blooded creatures.
   It affects your dexterity (+4).
 b - a +0 arbalest
 c - the +9 long sword "Biastoi" (weapon) {holy, rN+}
   (You found it on level 8 of the Dungeon)

   It has been blessed by the Shining One to cause great damage to the undead
   and demons.
   It protects you from negative energy.
 d - a +1 dagger of venom
 i - the +7 falchion of Collusion {freeze, +Inv}
   (You took it off an orc on level 14 of the Dungeon)

   It has been specially enchanted to freeze those struck by it, causing extra
   injury to most foes and up to half again as much damage against particularly
   susceptible opponents.
   It can also slow down cold-blooded creatures.
   It lets you turn invisible.
 k - a +3 scimitar of flaming
 F - a +4 rapier of electrocution
Missiles
 e - a curare-tipped dart (quivered)
 o - 192 bolts
 p - 7 atropa-tipped darts
 y - 2 datura-tipped darts
 N - 3 throwing nets
 O - 53 poisoned darts
Armour
 j - a +0 pair of gloves (worn)
 q - a +3 ring mail of fire resistance (worn)
 s - a +0 pair of boots (worn)
 L - a +0 cloak (worn)
 M - the +3 crown of Dyrovepreva (worn) {rElec Int+2 SInv}
   (You found it on level 5 of the Dungeon)

   It affects your intelligence (+2).
   It insulates you from electricity.
   It lets you see invisible.
Jewellery
 r - a ring of poison resistance (right hand)
 I - the amulet "Bilo" (around neck) {*Drain rElec Regen+ Stlth+}
   (You found it on level 4 of the Dungeon)

   [amulet of regeneration]

   It insulates you from electricity.
   It increases your rate of regeneration.
   It causes draining when unequipped.
   It makes you more stealthy.
 V - a +6 ring of dexterity (left hand)
Wands
 h - a wand of paralysis (16)
 m - a wand of acid (7)
 v - a wand of random effects (21)
 w - a wand of polymorph (7)
 x - a wand of enslavement (7)
 B - a wand of iceblast (1)
Scrolls
 f - 15 scrolls of remove curse
 g - 2 scrolls of identify
 n - 8 scrolls of teleportation
 u - 3 scrolls of fog
 A - a scroll of silence
 C - 8 scrolls of magic mapping
 D - 2 scrolls of vulnerability
 H - 2 scrolls of summoning
 J - a scroll of enchant weapon
 R - 6 scrolls of fear
 S - 3 scrolls of blinking
Potions
 l - 6 potions of flight
 t - 5 potions of haste
 z - 3 potions of stabbing
 E - 2 potions of invisibility
 G - 4 potions of resistance
 Q - 2 potions of cancellation
 T - 5 potions of might
 U - a potion of curing
 Y - 3 potions of lignification


   Skills:
 + Level 9.3 Fighting
 - Level 14.0(18.2) Short Blades
 * Level 13.4(14.4) Long Blades
   Level 1.6 Maces & Flails
 + Level 15.1 Crossbows
 - Level 8.0 Throwing
 - Level 5.0 Armour
 + Level 7.1 Dodging
 - Level 8.0 Stealth
   Level 3.8 Shields
 + Level 6.7 Invocations
 - Level 6.0 Evocations


You had 15 spell levels left.
You didn't know any spells.
Your spell library contained the following spells:

 Spells                   Type           Power        Failure   Level
 Animate Skeleton         Necr           #.....       47%         1
 Apportation              Tloc           #.....       47%         1
 Corona                   Hex            #......      47%         1
 Freeze                   Ice            #...         47%         1
 Summon Small Mammal      Summ           #...         47%         1
 Frozen Ramparts          Ice            #.....       85%         3
 Ozocubu's Armour         Ice            #.......     85%         3
 Hailstorm                Conj/Ice       #.......     99%         4
 Summon Ice Beast         Ice/Summ       #.......     99%         4


Dungeon Overview and Level Annotations

Branches:
Dungeon (15/15)            Temple (1/1) D:7            Lair (6/6) D:10
 Shoals (0/4) Lair:2       Spider (2/4) Lair:3        Slime (0/5) Lair:5
    Orc (2/2) D:10            Elf (0/3) Orc:2        Vaults (0/5) D:14
  Sewer (visited)           IceCv (visited)
 Depths: D:15

Altars:
Ashenzari
Cheibriados
Dithmenos
Elyvilon
Fedhas
Gozag
Hepliaklqana
Kikubaaqudgha
Makhleb
Nemelex Xobeh
Okawaru
Qazlal
Ru
Sif Muna
Trog
Uskayaw
Vehumet
Wu Jian
Xom
Yredelemnul
Zin
The Shining One
Beogh
Jiyva

Shops:
Orc:1 :   Orc:2 (*:[

Annotations:
D:14 1 runed translucent door, TigOlBitties's ghost, journeyman DEAE
Lair:5 1 runed translucent door
Spider:1 2 runed translucent doors, sahdkjhfkaj's ghost, adept TrMo


Innate Abilities, Weirdness & Mutations

You are small and have problems with some larger weapons.
You are completely attuned to the shadows.


Message History

The wolf spider closely misses you.
You enter the shallow water.
Moving in this stuff is going to be slow.
You feel sick.
The wolf spider hits you but does no damage.
The wolf spider misses you. The wolf spider hits you.
* * * LOW HITPOINT WARNING * * *
The wolf spider bites you but does no damage.
The demonic crawler gives a hideous shriek!
You feel sick.
You feel sick.
You feel sick.
You feel better. The wolf spider closely misses you. The wolf spider bites you.
* * * LOW HITPOINT WARNING * * *
The wolf spider hits you!
* * * LOW HITPOINT WARNING * * *
The wolf spider misses you.
Unknown command.
You feel better. The wolf spider hits you!!
You die...

..##/(##......####
...^.^#.....###.
..#.(.#..##(#... .
#.(ss.##...^..
#...°§#§....##
.....###§§#....# #
.....#§§s§§≈####≈≈
...^.§§§s§##..#.#
...^.§§§#§#s@<^^#
.#....§##ss.......
..................
^#..#....######..
###..##........#≈≈
.......##.......#
....#..........###
##..#...#....#...#
#..#.....#...##†##


You could see a demonic crawler, a wolf spider and an orb spider.

Vanquished Creatures
  Nikola (Spider:1)
  A sphinx (D:14)
  An emperor scorpion (Spider:2)
  An orc warlord (Orc:2)
  An entropy weaver (Spider:1)
  Azrael (Spider:1)
  An ettin (D:14)
  Snorg (D:10)
  A fire dragon (Lair:6)
  A yaktaur captain (D:14)
  Josephine (D:10)
  A vault guard (D:14)
  7 hydras
  Harold (D:8)
  A catoblepas (Lair:6)
  4 centaur warriors
  7 death yaks
  An alligator (Lair:6)
  Erica (D:10)
  5 two-headed ogres
  An orc high priest (Orc:2)
  Urug (Lair:5)
  A fire crab (D:14)
  2 unseen horrors (D:13)
  3 orc knights (Orc:2)
  A swamp dragon (Lair:6)
  A lindwurm (Lair:6)
  A necromancer (D:15)
  3 orc sorcerers (Orc:2)
  13 wolf spiders
  2 deep elf magi
  4 orb spiders
  11 ugly things
  2 cyclopes
  2 manticores (Lair:6)
  2 elephants
  2 moths of wrath (Spider:1)
  A salamander (Lair:5)
  A gargoyle (D:11)
  10 cane toads
  5 black mambas
  2 merfolk sirens (Lair:2)
  2 torpor snails (Lair:6)
  5 komodo dragons
  A kobold demonologist (D:14)
  7 demonic crawlers
  A freezing wraith (D:15)
  A queen bee (Lair:1)
  4 trolls
  5 hornets
  3 jumping spiders (Spider:1)
  A merfolk (Lair:2)
  Prince Ribbit (D:7)
  7 dream sheep
  12 hippogriffs
  A harpy skeleton (D:15)
  10 blink frogs
  18 redbacks
  10 tarantellas
  Sigmund (D:3)
  30 yaks
  5 wraiths
  A centaur simulacrum (D:14)
  A shadow (D:12)
  A vampire (D:10)
  4 wyverns
  4 fire bats (Lair:5)
  4 steam dragons (Lair:6)
  4 fire elementals (Spider:1)
  Eustachio (D:6)
  Grum (D:8)
  A human (shapeshifter) (D:15)
  3 basilisks
  Menkaure (D:6)
  4 vampire mosquitoes (D:13)
  2 acid dragons
  A soldier ant (D:14)
  14 water moccasins
  A warg (Orc:2)
  Edmund (D:6)
  3 hell hounds (Spider:1)
  2 hornet zombies
  14 porcupines
  A phantom (D:14)
  A swamp drake (Lair:6)
  30 orc warriors
  2 sky beasts
  4 black bears
  A necrophage (D:10)
  9 ogres
  4 ice beasts
  18 wolves
  6 centaurs
  23 crocodiles
  2 big kobolds
  Blork the orc (Orc:2)
  21 bullfrogs
  A water moccasin skeleton (D:6)
  8 scorpions
  30 killer bees
  20 wights
  4 howler monkeys
  4 electric eels
  A quasit (D:11)
  3 jellies (D:11)
  A wyvern simulacrum (D:14)
  5 hounds
  A gnoll shaman (D:5)
  23 orc priests
  29 orc wizards
  2 bullfrog skeletons
  4 centaur skeletons
  7 iguanas
  11 worker ants
  A hound skeleton (D:6)
  2 worker ant zombies
  6 gnolls
  2 howler monkey skeletons
  2 river rats (Sewer)
  13 adders
  2 shadow imps
  3 white imps (D:5)
  4 ufetubi
  4 oozes
  5 adder skeletons
  An adder zombie (D:9)
  4 worms
  2 dart slugs
  5 leopard geckos
  95 orcs
  12 ball pythons (Sewer)
  2 giant cockroaches
  4 goblins
  4 hobgoblins (D:3)
  3 jackals (D:5)
  16 kobolds
  6 quokkas
  10 bats
  9 frilled lizards
  34 rats
  A butterfly (Lair:5)
832 creatures vanquished.

Vanquished Creatures (others)
  A jumping spider (Spider:1)
  43 fungi
  52 plants
  4 withered plants (D:15)
100 creatures vanquished.

Grand Total: 932 creatures vanquished

Notes
Turn   | Place    | Note
-------+----------+-------------------------------------------
     0 | D:1      | gyozomisao the Kobold Brigand began the quest for the Orb.
     0 | D:1      | Reached XP level 1. HP: 12/12 MP: 1/1
   303 | D:1      | Reached XP level 2. HP: 17/17 MP: 2/2
  1123 | D:2      | Reached XP level 3. HP: 15/21 MP: 3/3
  1470 | D:2      | Reached skill level 5 in Short Blades
  1559 | D:2      | Found an iron altar of Okawaru.
  1587 | D:2      | Reached XP level 4. HP: 26/26 MP: 4/4
  2115 | D:2      | Found a bloodstained altar of Trog.
  2115 | D:2      | Found a shimmering blue altar of Sif Muna.
  2357 | D:3      | Noticed a water moccasin
  2361 | D:3      | Killed a water moccasin
  2361 | D:3      | Reached XP level 5. HP: 30/30 MP: 5/5
  2361 | D:3      | Reached XP level 6. HP: 35/35 MP: 6/6
  3341 | D:3      | HP: 1/35 [orc priest/divine providence (13)]
  4185 | D:3      | Noticed Sigmund
  4189 | D:3      | Killed Sigmund
  4189 | D:3      | Reached XP level 7. HP: 40/40 MP: 7/7
  4457 | D:4      | Got a twitching emerald amulet
  4608 | D:4      | Reached skill level 10 in Short Blades
  5811 | D:5      | Entered Level 5 of the Dungeon
  5826 | D:5      | Found a shadowy altar of Dithmenos.
  5834 | D:5      | Reached XP level 8. HP: 44/44 MP: 8/8
  5996 | D:5      | Noticed a wraith
  6005 | D:5      | Killed a wraith
  6607 | D:4      | Reached skill level 1 in Armour
  6673 | D:5      | Identified the amulet "Bilo" {*Drain rElec Regen+ Stlth+}
                  | (You found it on level 4 of the Dungeon)
  6678 | D:5      | Became a worshipper of Dithmenos the Shadowed
  6836 | D:5      | Found the +3 crown of Dyrovepreva {rElec Int+2 SInv}
  6911 | D:5      | Reached XP level 9. HP: 35/52 MP: 9/9
  7683 | D:6      | Noticed Menkaure
  7687 | D:6      | Killed Menkaure
  7718 | D:6      | Found a glowing drain.
  7732 | Sewer    | Entered a sewer
  7761 | Sewer    | Reached * piety under Dithmenos
  7923 | Sewer    | Reached ** piety under Dithmenos
  7996 | Sewer    | Reached skill level 5 in Fighting
  8578 | D:6      | Noticed Edmund
  8582 | D:6      | Killed Edmund
  8582 | D:6      | Reached skill level 1 in Invocations
  8924 | D:6      | Noticed Eustachio
  8928 | D:6      | Killed Eustachio
  9228 | D:7      | Reached XP level 10. HP: 60/60 MP: 12/12
  9450 | D:7      | Reached *** piety under Dithmenos
  9589 | D:7      | Found a stormy altar of Qazlal.
  9603 | D:7      | Reached skill level 5 in Throwing
  9622 | D:7      | Found an opulent altar of Gozag.
  9932 | D:7      | Paralysed by a wight for 6 turns
 10189 | D:7      | Found a staircase to the Ecumenical Temple.
 10195 | Temple   | Entered the Ecumenical Temple
 11091 | D:8      | Noticed Prince Ribbit
 11111 | D:7      | Killed Prince Ribbit
 11805 | D:8      | Got a bloodstained long sword
 12100 | D:8      | Noticed Grum
 12132 | D:8      | Killed Grum
 12319 | D:8      | Noticed Harold
 12324 | D:8      | Killed Harold
 12342 | D:8      | Reached XP level 11. HP: 66/66 MP: 14/14
 12501 | D:8      | Found a hazy altar of Hepliaklqana.
 12944 | D:9      | Reached **** piety under Dithmenos
 12976 | D:9      | Noticed a two-headed ogre
 12980 | D:9      | Killed a two-headed ogre
 12989 | D:9      | Found a sparkling altar of Nemelex Xobeh.
 13719 | D:9      | Identified the +9 long sword "Biastoi" {holy, rN+} (You
                  | found it on level 8 of the Dungeon)
 14006 | D:10     | Entered Level 10 of the Dungeon
 14032 | D:10     | Reached skill level 1 in Evocations
 14389 | D:10     | Noticed Josephine
 14393 | D:10     | Killed Josephine
 14785 | D:10     | Found a staircase to the Orcish Mines.
 14969 | D:10     | Reached skill level 1 in Maces & Flails
 15041 | D:10     | Found a staircase to the Lair.
 15063 | D:10     | Noticed Erica
 15094 | D:10     | Killed Erica
 15094 | D:10     | Reached skill level 1 in Shields
 15094 | D:10     | Reached XP level 12. HP: 57/74 MP: 15/15
 15187 | D:10     | Noticed Snorg
 15618 | D:10     | Killed Snorg
 15618 | D:10     | Reached skill level 1 in Long Blades
 15721 | Lair:1   | Entered Level 1 of the Lair of Beasts
 16033 | Lair:1   | Reached skill level 5 in Evocations
 16535 | Lair:1   | Reached skill level 5 in Armour
 18218 | Lair:2   | Reached skill level 5 in Long Blades
 18375 | Lair:2   | Found a staircase to the Shoals.
 18693 | Lair:3   | Reached XP level 13. HP: 79/79 MP: 16/16
 19866 | Lair:3   | Found a hole to the Spider Nest.
 21850 | Lair:5   | Noticed Urug
 21854 | Lair:5   | Killed Urug
 22401 | Lair:5   | Found a snail-covered altar of Cheibriados.
 22747 | Lair:5   | Found a runed translucent door.
 22747 | Lair:5   | Found a viscous altar of Jiyva.
 22747 | Lair:5   | Found a staircase to the Slime Pits.
 23243 | Orc:1    | Entered Level 1 of the Orcish Mines
 23243 | Orc:1    | Found Letza's Book Boutique.
 23254 | Orc:1    | Reached skill level 10 in Long Blades
 23254 | Orc:1    | Reached skill level 1 in Crossbows
 23614 | Orc:2    | Entered Level 2 of the Orcish Mines
 23724 | Orc:2    | Reached skill level 2 in Crossbows
 23731 | Orc:2    | Found a shimmering blue altar of Sif Muna.
 24166 | Orc:2    | Got an iridescent dagger
 24169 | Orc:2    | Identified the +8 dagger "Efolablaem" {freeze, Dex+4} (You
                  | found it on level 2 of the Orcish Mines)
 24239 | Orc:2    | Reached skill level 3 in Crossbows
 24559 | Orc:2    | Reached XP level 14. HP: 68/84 MP: 17/17
 24686 | Orc:2    | Reached skill level 4 in Crossbows
 24731 | Orc:2    | Noticed an orc warlord
 24916 | Orc:2    | Killed an orc warlord
 24916 | Orc:2    | Reached skill level 5 in Crossbows
 24920 | Orc:2    | HP: 4/84 [orc warrior/+0 long sword (22)]
 25044 | Orc:2    | Paralysed by an orc sorcerer for 5 turns
 25126 | Orc:2    | Found a staircase to the Elven Halls.
 25140 | Orc:2    | Noticed Blork the orc
 25153 | Orc:2    | Killed Blork the orc
 25375 | Orc:2    | Found a roughly hewn altar of Beogh.
 25411 | Orc:2    | Found Niteziph's Antique Armour Shoppe.
 25464 | Orc:2    | Reached skill level 6 in Crossbows
 25526 | Orc:2    | Found Soriap's General Store.
 25531 | Orc:2    | Bought 2 atropa-tipped darts for 19 gold pieces
 25545 | Orc:2    | Found Ceosh's Book Shoppe.
 25598 | Orc:2    | Bought an agate-encrusted ring mail for 171 gold pieces
 25609 | Orc:2    | Found Rady's Antique Weapon Shoppe.
 25693 | Orc:2    | Bought a pair of boots for 85 gold pieces
 25735 | Orc:2    | Reached ***** piety under Dithmenos
 26044 | Lair:2   | Identified the cursed +1 ring mail of Mental Paralysis
                  | {Stlth+} (You bought it in a shop on level 2 of the Orcish
                  | Mines)
 26228 | D:11     | Found a stormy altar of Qazlal.
 26345 | D:11     | Reached skill level 7 in Crossbows
 26878 | D:11     | Got a masterwork helmet
 26889 | D:11     | Identified the +1 helmet of Mimpuam {rPois} (You found it
                  | on level 11 of the Dungeon)
 27018 | D:12     | Reached skill level 8 in Crossbows
 27672 | D:13     | Reached skill level 9 in Crossbows
 28029 | D:13     | Reached skill level 10 in Crossbows
 28325 | D:14     | Found a runed translucent door.
 28330 | D:14     | Noticed TigOlBitties's ghost (journeyman DEAE)
 28442 | D:14     | Found a snail-covered altar of Cheibriados.
 28472 | D:14     | Reached XP level 15. HP: 34/89 MP: 18/18
 28686 | D:14     | Reached skill level 11 in Crossbows
 28686 | D:14     | Identified the +7 falchion of Collusion {freeze, +Inv}
 28956 | D:14     | Noticed a sphinx
 29301 | D:14     | Killed a sphinx
 29301 | D:14     | Reached skill level 12 in Crossbows
 29652 | D:14     | Reached ****** piety under Dithmenos
 29741 | D:14     | Found a gate to the Vaults.
 29797 | D:14     | Identified the cursed +2 trident of Devotion {freeze, rC+
                  | Str+3}
 29849 | D:15     | Entered Level 15 of the Dungeon
 30632 | Lair:6   | Entered Level 6 of the Lair of Beasts
 30664 | Lair:6   | Reached skill level 13 in Crossbows
 32109 | Lair:6   | HP: 4/89 [fire dragon (9)]
 32112 | Lair:6   | Reached skill level 14 in Crossbows
 32826 | Lair:5   | Reached XP level 16. HP: 50/94 MP: 19/19
 34123 | Lair:6   | Reached skill level 5 in Invocations
 34619 | Spider:1 | Entered Level 1 of the Spider Nest
 35246 | Spider:1 | Noticed Azrael
 35256 | Spider:1 | Killed Azrael
 35525 | Spider:1 | Noticed Nikola
 35534 | Spider:1 | Killed Nikola
 35540 | Spider:1 | Reached skill level 15 in Crossbows
 36796 | Spider:1 | Found a large runed translucent door.
 36796 | Spider:1 | Found a large runed translucent door.
 36799 | Spider:1 | Noticed sahdkjhfkaj's ghost (adept TrMo)
 36903 | Spider:2 | Found a frozen archway.
 36950 | IceCv    | Entered an ice cave
 36976 | IceCv    | HP: 3/96 [anaconda simulacrum (17)]
 37394 | Spider:2 | Slain by a wolf spider

Illustrated notes

Levels and vault maps discovered:
D:1:      dpeg_arrival_renting, layout_loops_cross
D:2:      layout_basic, gammafunk_temple_overflow_wave,
          okawaru_ov_weapons_minmay
D:3:      layout_basic, uniq_sigmund
D:4:      layout_basic
D:5:      layout_basic, basic_altar
D:6:      layout_gridville, cheibrodos_sewer_entry_bend, nrook_loot_triangle,
          uniq_eustachio, uniq_menkaure, uniq_edmund
D:7:      layout_layer_cave, grunt_temple_overflow_open,
          minmay_temple_entry_enclosed_plants, serial_rivers,
          chequers_serial_rivers_micro_e, chequers_serial_rivers_small_b,
          chequers_serial_rivers_micro_b, chequers_serial_rivers_micro_b,
          chequers_serial_rivers_room_a
D:8:      layout_gridville, basic_altar, grunt_ministairs_8, uniq_grum,
          uniq_prince_ribbit1, uniq_harold
D:9:      layout_loops_cross, serial_bayou_pond_b, nemelex_diamond_rough_becter
D:10:     layout_gridville, minmay_lair_entry_grove, orc_david_3, hex_large,
          eino_small_chamber_without_monster, uniq_snorg, uniq_erica,
          uniq_josephine
D:11:     layout_loops_cross, grunt_qazlal_sundering
D:12:     layout_rooms
D:13:     layout_roguey
D:14:     minmay_mutant_horseshoe, layout_basic, david_vaults_4,
          ebering_ghost_funeral_grove, basic_altar, grunt_decor_fettered,
          st_stairs_10, hangedman_decor_clover_reticule
D:15:     gammafunk_depths_entry_grave, layout_stronghold, nicolae_water_bricks,
          chequers_serial_rivers_small_a, minmay_misc_feat_rows
Temple:   regret_index_temple_mists
Lair:1:   layout_roguey [special_room_bee], st_stairs_12, grunt_megastairs_3
Lair:2:   layout_chaotic_city, elwin_shoals_entry_rooms
Lair:3:   layout_layer_cave, spider_nest_entry_rubble, grunt_megastairs_4,
          infiniplex_staircase_pool, serial_bayou_shore_a
Lair:4:   layout_roguey
Lair:5:   layout_gridlike, slime_altar_2, basic_altar, serial_bayou_pond_b,
          grunt_forest_small_clearings, chequers_serial_rivers_micro_a,
          lemuel_fruit_fields, uniq_urug
Lair:6:   hangedman_lair_in_review, layout_misc_corridors,
          guppyfry_lair_end_dragon, nicolae_quartered_pool_super,
          hangedman_lair_generics_rect
Spider:1: layout_spider_delve, ebering_ghost_disaster_area, uniq_nikola,
          uniq_azrael
Spider:2: layout_spider_delve, portal_ice_cave_entry_pillars_three
Orc:1:    layout_caves, serial_shops, shop
Orc:2:    grunt_orc_cross, layout_caves, nicolae_orc_sculptors_studio,
          led_sif_book

Skill      XL: |  1  2  3  4  5  6  7  8  9 10 11 12 13 14 15 16 |
---------------+-------------------------------------------------+-----
Short Blades   | 3 4 5 7 9 10 12 14 | 14.0
Dodging        | 4 6 7 |  7.1
Stealth        | 6 7 8 |  8.0
Armour         | 2 4 5 |  5.0
Fighting       | 3 6 8 9 |  9.3
Invocations    | 3 4 6 |  6.7
Throwing       | 4 6 7 8 |  8.0
Evocations     | 3 5 6 |  6.0
Maces & Flails | 1 |  1.6
Shields        | 1 3 |  3.8
Long Blades    | 5 10 11 12 13 | 13.4
Crossbows      | 3 10 14 15 | 15.1

Action                   |  1- 3 |  4- 6 |  7- 9 | 10-12 | 13-15 | 16-18 || total
-------------------------+-------+-------+-------+-------+-------+-------++-------
Melee: Dagger            |    55 |    57 |   595 |   935 |   746 |   222 ||  2610
       Rapier            |       |       |       |   191 |    82 |       ||   273
       Long sword        |       |       |       |       |   625 |   151 ||   776
       Scimitar          |       |       |       |       |       |     4 ||     4
 Fire: Hunting sling     |       |       |    21 |    62 |    14 |       ||    97
       Arbalest          |       |       |       |       |    42 |    37 ||    79
Throw: Dart              |       |    11 |    34 |    23 |    13 |       ||    81
       Stone             |       |       |    17 |     3 |       |       ||    20
       Boomerang         |       |       |       |    21 |    42 |       ||    63
       Throwing net      |       |       |       |       |       |     1 ||     1
Invok: Shadow Step       |       |       |       |    14 |       |     1 ||    15
Evoke: Wand              |       |       |    17 |     3 |    21 |     2 ||    43
  Use: Potion            |       |     3 |     2 |     5 |     4 |     4 ||    18
       Scroll            |       |       |    11 |     7 |    19 |     7 ||    44
 Stab: Sleeping          |    19 |    15 |    24 |    62 |   109 |    20 ||   249
       Invisible         |       |       |     3 |     1 |     2 |       ||     6
       Distracted        |       |       |       |     4 |     8 |     3 ||    15
       Paralysed         |       |       |       |       |     1 |       ||     1
       Held in net/web   |       |       |       |       |       |     1 ||     1
Armor: Robe              |    16 |    21 |    68 |    22 |       |       ||   127
       Ring mail         |       |       |    56 |    66 |   304 |   160 ||   586
       Leather armour    |       |       |       |    78 |    21 |       ||    99
Dodge: Dodged            |    26 |    42 |   448 |   841 |   901 |   450 ||  2708
Block: Other             |       |    13 |    34 |       |       |       ||    47
       Reflection        |       |     1 |     1 |       |       |       ||     2
       Rpst.: Long sword |       |       |       |       |   119 |    33 ||   152

Table legend: (Time is in decaauts)
 A = Elapsed time spent in this place.
 B = Non-inter-level travel time spent in this place.
 C = Inter-level travel time spent in this place.
 D = Time resting spent in this place.
 E = Time spent auto-exploring this place.
 F = Levels seen in this place.
 G = Mean time per level.
                   A        B        C        D        E       F      G
               +--------+--------+--------+--------+--------+-----+--------+
         Total |  35935 |  32678 |   3257 |   6872 |  15715 |  28 | 1283.4 |
       Dungeon |  18716 |  17054 |   1662 |   3275 |   8331 |  15 | 1247.7 |
        Temple |    336 |    310 |     26 |      0 |    307 |   1 |  336.0 |
          Lair |  11153 |  10129 |   1024 |   2414 |   4943 |   6 | 1858.8 |
   Spider Nest |   2620 |   2198 |    422 |    685 |    952 |   2 | 1310.0 |
  Orcish Mines |   2622 |   2500 |    122 |    479 |    975 |   2 | 1311.0 |
         Sewer |    456 |    456 |      0 |     19 |    205 |   1 |  456.0 |
      Ice Cave |     29 |     29 |      0 |      0 |      0 |   1 |   29.0 |
               +--------+--------+--------+--------+--------+-----+--------+

Top non-repeatable levels by time:
  Lair:6: 2767 daAuts
  Lair:5: 2506 daAuts
Spider:1: 2239 daAuts
   Orc:2: 2072 daAuts
     D:7: 1840 daAuts
     D:2: 1835 daAuts
  Lair:1: 1734 daAuts
  Lair:3: 1642 daAuts
     D:3: 1570 daAuts
    D:10: 1556 daAuts
    D:14: 1526 daAuts
     D:5: 1516 daAuts
     D:8: 1420 daAuts
     D:4: 1379 daAuts
  Lair:2: 1283 daAuts
